 Dungeon Crawl Stone Soup version 0.22-a0-605-g9281fa2 (webtiles) character file.

24178 sking99 the Grappler (level 12, -6/122 HPs)
             Began as a Troll Monk on July 8, 2018.
             Was the Champion of Yredelemnul.
             Mangled by a porcupine (11 damage)
             ... on level 4 of the Lair of Beasts.
             The game lasted 00:41:21 (12821 turns).

sking99 the Grappler (Troll Monk)                  Turns: 12821, Time: 00:41:22

Health: -6/122     AC:  4    Str: 22    XL:     12   Next: 78%
Magic:  5/17       EV: 10    Int:  6    God:    Yredelemnul [******]
Gold:   1338       SH: 11    Dex: 16    Spells: 11/11 levels left

rFire    . . .     SeeInvis .     - Unarmed
rCold    . . .     Gourm    +   j - +0 shield
rNeg     . . .     Faith    .   (armour restricted)
rPois    .         Spirit   .   (helmet restricted)
rElec    .         Reflect  .   h - +0 cloak
rCorr    +         Harm     .   (gloves unavailable)
MR       .....                  (boots unavailable)
Stlth    ++........             (no amulet)
HPRegen  0.70/turn              i - ring of flight (curse)
MPRegen  0.15/turn              J - ring of resist corrosion

@: lethally poisoned (-6 -> -40)
A: large, unfitting armour, claws 3, fast metabolism 3, gourmand, regeneration
1, shaggy fur 1, tough skin 2
a: Recall Undead Slaves, Injury Mirror, Animate Dead, Drain Life, Enslave Soul,
Renounce Religion, Evoke Flight


You were on level 4 of the Lair of Beasts.
You worshipped Yredelemnul.
Yredelemnul was exalted by your worship.
You were not hungry.

You visited 2 branches of the dungeon, and saw 15 of its levels.
You also visited: Sewer.

You collected 1338 gold pieces.

Inventory:

Armour
 h - a +0 cloak (worn)
 j - a +0 shield (worn)
 o - a +2 robe of resistance
Jewellery
 i - a cursed ring of flight (left claw)
 J - a ring of resist corrosion (right claw)
Wands
 a - a wand of iceblast (7)
 d - a wand of paralysis (8)
 e - a wand of random effects (80)
 g - a wand of enslavement (23)
 u - a wand of polymorph (11)
 y - a wand of flame (79)
 C - a wand of disintegration (13)
 I - a wand of acid (11)
Scrolls
 k - 2 scrolls of silence
 m - 5 scrolls of remove curse
 p - 5 scrolls of blinking
 r - 4 scrolls of fear
 s - 4 scrolls of enchant armour
 v - 7 scrolls of teleportation
 w - a scroll of magic mapping
 F - 4 scrolls of identify
 H - a scroll of brand weapon {unknown}
 K - a scroll of summoning {unknown}
 L - a scroll of holy word {unknown}
 M - a scroll of enchant weapon
Potions
 c - 8 potions of curing
 f - 6 potions of degeneration
 l - 3 potions of flight
 n - 2 potions of magic
 q - a potion of ambrosia
 t - 3 potions of heal wounds
 x - a potion of resistance
 z - 2 potions of berserk rage {unknown}
 A - a potion of mutation {unknown}
 B - 2 potions of brilliance {unknown}
 D - a potion of cancellation
 E - 2 potions of agility
 G - 2 potions of lignification
Comestibles
 b - 32 rations


   Skills:
 + Level 8.8 Fighting
 - Level 2.4 Dodging
 - Level 1.0 Stealth
 + Level 7.8 Shields
 * Level 14.0 Unarmed Combat
 + Level 8.8 Invocations


You had 11 spell levels left.
You didn't know any spells.
Your spell library contained the following spells:

 Spells                   Type           Power        Failure   Level  Hunger
 Cause Fear               Hex            #.........   99%         4    #####..
 Magic Dart               Conj           #...         54%         1    ##.....
 Apportation              Tloc           #.....       54%         1    ##.....
 Conjure Flame            Conj/Fire      #.......     88%         3    ####...
 Slow                     Hex            #.......     67%         2    ###....
 Mephitic Cloud           Conj/Pois/Air  #.......     88%         3    ####...
 Summon Small Mammal      Summ           #...         54%         1    ##.....
 Blink                    Tloc           N/A          67%         2    ###....
 Animate Skeleton         Necr           N/A          54%         1    ##.....
 Call Imp                 Summ           #.......     67%         2    ###....
 Confusing Touch          Hex            #.....       54%         1    ##.....
 Corona                   Hex            #......      54%         1    ##.....
 Portal Projectile        Hex/Tloc       #.....       88%         3    ####...
 Leda's Liquefaction      Hex/Erth       #.........   99%         4    #####..
 Inner Flame              Hex/Fire       #.......     88%         3    ####...


Dungeon Overview and Level Annotations

Branches:
Dungeon (11/15)            Temple (0/1) D:7            Lair (4/6) D:11
  Swamp (0/4) Lair:3        Snake (0/4) Lair:2          Orc (0/2) D:10

Altars:
Ashenzari
Cheibriados
Elyvilon
Gozag
Kikubaaqudgha
Makhleb
Nemelex Xobeh
Sif Muna
Trog
Uskayaw
Wu Jian
Yredelemnul
Zin

Annotations:
Lair:4 Nessos


Innate Abilities, Weirdness & Mutations

You are too large for most types of armour.
You have claws for hands.
Your metabolism is lightning-fast.
You like to eat raw meat.
Your natural rate of healing is unusually fast.
You are covered in fur. (AC +1)
You have very tough skin. (AC +2)


Message History

* * * LOW HITPOINT WARNING * * *
The arrow burns you.
You are more poisoned.
* * * LOW HITPOINT WARNING * * *
You see here an arrow.
You fail to use your ability.
* * * LOW HITPOINT WARNING * * *
You feel very sick.
Your wolf zombie completely misses the porcupine.
Urug hits Nessos from afar with a halberd of venom!
Urug drains Nessos!
Nessos is poisoned.
Nessos blinks!
Okay, then.
You call on the dead to rise...
The dead are walking!
You feel somewhat more hungry.
* * * LOW HITPOINT WARNING * * *
You feel very sick.
Nessos shoots an arrow.
The arrow hits your crocodile zombie! The arrow burns your crocodile zombie.
The porcupine bites you!
You die...
Your body rises from the dead as a mindless zombie.

##.. #.... ..... ....
...c.. .... P.....####
#..# #....Z#.###### ...
#.....Z.#.#P# #.# #
###...Zz.(..## ##.## #
#...#r@...(.#####...###
###.####.##(##.###..##.
## ###Z#....#Z.....
####....#.....
#.#.........
###P........ #.........
#...P.#..P .......#..


You could see Nessos, a porcupine, a friendly skeletal warrior, the friendly
Urug the spectral orc, a friendly wolf zombie and a friendly crocodile zombie.

Vanquished Creatures
  A two-headed ogre (D:9)
  Nergalle (D:10)
  An ugly thing (D:11)
  A manticore (D:10)
  Maurice (D:9)
  2 black mambas
  6 elephants (Lair:2)
  Joseph (D:10)
  A spiny frog (Lair:1)
  4 komodo dragons
  A kobold demonologist (D:11)
  A troll (D:9)
  2 blink frogs (Lair:3)
  4 hippogriffs
  A wyvern (Lair:3)
  8 yaks
  A vampire (D:10)
  An acid dragon (D:10)
  6 water moccasins
  3 porcupines
  3 black bears
  3 orc warriors
  2 ice beasts
  A sky beast (D:9)
  6 ogres
  5 wolves
  A crocodile (Lair:4)
  2 big kobolds
  8 bullfrogs
  2 scorpions
  6 killer bees
  11 wights
  A howler monkey (D:7)
  2 crimson imps
  3 bullfrog zombies
  6 orc priests
  2 hounds
  A gnoll shaman (D:9)
  5 jellies
  12 orc wizards
  4 centaur skeletons
  4 iguanas
  Crazy Yiuf (D:3)
  Jessica (D:3)
  Ijyb (D:3)
  7 worker ants
  A hound zombie (D:10)
  A worker ant zombie (D:9)
  5 gnolls
  18 adders
  A shadow imp (D:10)
  5 oozes
  2 worms
  2 dart slugs
  16 leopard geckos
  32 orcs
  15 ball pythons
  11 giant cockroaches
  12 goblins
  6 hobgoblins
  3 jackals (D:3)
  18 kobolds
  3 quokkas
  6 bats
  11 frilled lizards
  A leopard gecko skeleton (D:5)
  A leopard gecko zombie (D:8)
  A quokka skeleton (D:5)
  10 rats
328 creatures vanquished.

Vanquished Creatures (collateral kills)
  A hydra (Lair:2)
  A catoblepas (Lair:2)
  Erica (D:11)
  3 two-headed ogres
  A tengu warrior (D:10)
  Sonja (Lair:1)
  2 ugly things (D:11)
  5 elephants (Lair:2)
  2 black mambas (Lair:2)
  4 spiny frogs (Lair:2)
  3 rime drakes
  A troll (D:11)
  A hippogriff (Lair:2)
  A blink frog (Lair:3)
  5 yaks
  4 basilisks
  A steam dragon (Lair:2)
  Menkaure (D:6)
  7 water moccasins
  2 porcupines
  4 orc warriors
  2 sky beasts (D:10)
  An ice beast (D:6)
  An ogre (D:7)
  3 wolves
  2 centaurs
  2 big kobolds
  3 crocodiles
  5 bullfrogs
  A water moccasin zombie (D:10)
  9 killer bees
  A wight (D:9)
  A howler monkey (D:11)
  3 crimson imps
  A bullfrog zombie (D:8)
  2 centaur zombies
  An orc priest (D:7)
  2 hounds
  A jelly (D:5)
  2 iguanas (Lair:1)
  3 orc wizards
  A worker ant zombie (D:6)
  2 gnolls (D:9)
  A howler monkey skeleton (D:10)
  5 adders
  An ooze (Sewer)
  An adder skeleton (D:4)
  18 orcs
  4 giant cockroaches
  3 goblins (D:3)
  A quokka (D:4)
  4 ball pythons
  2 frilled lizards
  8 kobolds
  11 fungi
  17 plants
176 creatures vanquished.

Vanquished Creatures (others)
  A flayed ghost (Lair:4)
  A black mamba zombie (Lair:2)
  8 flying skulls
  2 vampires (Lair:2)
  A wraith (Lair:2)
  A hippogriff skeleton (Lair:2)
  2 water moccasin zombies
  3 wights
  2 wolf zombies (Lair:4)
  A hound zombie (D:7)
  An ogre skeleton (D:6)
  3 mummies
  A howler monkey zombie (D:7)
  A scorpion zombie (D:4)
  4 adder zombies
  A jackal zombie (D:3)
  2 kobold zombies
  8 orc zombies
  A rat zombie (D:3)
  5 fungi
  6 plants (Lair:2)
55 creatures vanquished.

Grand Total: 559 creatures vanquished

Notes
Turn   | Place    | Note
-------+----------+-------------------------------------------
     0 | D:1      | sking99 the Troll Monk began the quest for the Orb.
     0 | D:1      | Reached XP level 1. HP: 22/22 MP: 0/0
   240 | D:1      | Reached XP level 2. HP: 29/29 MP: 1/1
   551 | D:1      | Reached XP level 3. HP: 35/36 MP: 2/2
   841 | D:2      | Reached skill level 4 in Unarmed Combat
   853 | D:2      | Found a basalt altar of Yredelemnul.
   978 | D:2      | Became a worshipper of Yredelemnul the Dark
   978 | D:2      | Reached * piety under Yredelemnul
   978 | D:2      | Reached ** piety under Yredelemnul
  1160 | D:2      | Reached XP level 4. HP: 45/45 MP: 3/3
  1162 | D:2      | Found an ancient bone altar of Kikubaaqudgha.
  1354 | D:2      | Found a faded altar of an unknown god.
  1515 | D:3      | Noticed Jessica
  1529 | D:3      | Killed Jessica
  1529 | D:3      | Reached skill level 5 in Unarmed Combat
  1529 | D:3      | Reached XP level 5. HP: 50/53 MP: 4/4
  1548 | D:3      | Noticed Ijyb
  1553 | D:3      | Paralysed by Ijyb for 6 turns
  1560 | D:3      | Killed Ijyb
  1792 | D:3      | Noticed an ogre
  1799 | D:3      | Reached skill level 1 in Invocations
  1841 | D:3      | Killed an ogre
  1841 | D:3      | Reached XP level 6. HP: 28/62 MP: 4/6
  1932 | D:3      | Reached *** piety under Yredelemnul
  2039 | D:3      | Found a runed door.
  2204 | D:3      | Noticed Crazy Yiuf
  2211 | D:3      | Killed Crazy Yiuf
  2338 | D:4      | Reached skill level 6 in Unarmed Combat
  2342 | D:4      | Found a shattered altar of Ashenzari.
  2516 | D:4      | Found an opulent altar of Gozag.
  2550 | D:4      | Reached XP level 7. HP: 70/70 MP: 7/7
  2598 | D:4      | Reached skill level 1 in Shields
  2611 | D:4      | Received a gift from Yredelemnul (a mummy)
  3063 | D:5      | Entered Level 5 of the Dungeon
  3155 | D:5      | Found a white marble altar of Elyvilon.
  3205 | D:5      | Reached skill level 7 in Unarmed Combat
  3454 | D:5      | Reached XP level 8. HP: 79/79 MP: 9/9
  3666 | D:5      | Found a deep blue altar of Sif Muna.
  3765 | D:6      | Noticed Menkaure
  3770 | D:6      | Killed Menkaure
  3924 | D:6      | Reached **** piety under Yredelemnul
  4097 | D:6      | Found an ornate altar of the Wu Jian Council.
  4131 | D:6      | Found a glowing silver altar of Zin.
  4146 | D:6      | Found a burning altar of Makhleb.
  4266 | D:6      | Found a glowing drain.
  4275 | Sewer    | Entered a sewer
  4427 | Sewer    | Received a gift from Yredelemnul (a mummy)
  4497 | Sewer    | Received a gift from Yredelemnul (4 flying skulls)
  4500 | Sewer    | Reached skill level 8 in Unarmed Combat
  4548 | D:6      | Reached skill level 5 in Fighting
  4765 | D:6      | Reached ***** piety under Yredelemnul
  4774 | D:6      | Received a gift from Yredelemnul (a mummy)
  4828 | D:6      | Found a bloodstained altar of Trog.
  5058 | D:7      | Reached XP level 9. HP: 86/88 MP: 11/11
  5153 | D:7      | Found a hide-covered altar of Uskayaw.
  5158 | D:7      | Received a gift from Yredelemnul (a wight)
  5304 | D:7      | Reached skill level 9 in Unarmed Combat
  5339 | D:7      | Found a staircase to the Ecumenical Temple.
  6014 | D:8      | Noticed a two-headed ogre
  6021 | D:8      | Killed a two-headed ogre
  6021 | D:8      | Reached skill level 5 in Invocations
  6525 | D:9      | Reached skill level 10 in Unarmed Combat
  6527 | D:9      | Received a gift from Yredelemnul (a wight)
  6628 | D:9      | Found a sparkling altar of Nemelex Xobeh.
  6661 | D:9      | Received a gift from Yredelemnul (2 flying skulls)
  6711 | D:9      | Noticed a two-headed ogre
  6715 | D:9      | Killed a two-headed ogre
  6715 | D:9      | Reached XP level 10. HP: 94/98 MP: 13/13
  6949 | D:9      | Noticed Maurice
  6961 | D:9      | Killed Maurice
  6961 | D:9      | Reached skill level 5 in Shields
  7184 | D:9      | Found a snail-covered altar of Cheibriados.
  7407 | D:10     | Entered Level 10 of the Dungeon
  7428 | D:10     | Received a gift from Yredelemnul (a wight)
  7585 | D:10     | Noticed Nergalle
  7596 | D:10     | Killed Nergalle
  7596 | D:10     | Reached skill level 11 in Unarmed Combat
  7609 | D:10     | Found a staircase to the Orcish Mines.
  7808 | D:10     | Received a gift from Yredelemnul (a vampire)
  7979 | D:10     | Noticed a manticore
  7980 | D:10     | Reached XP level 11. HP: 97/109 MP: 14/14
  8133 | D:10     | Noticed a tengu warrior
  8137 | D:10     | HP: 5/109 [tengu warrior/glaive (17)]
  8143 | D:10     | Killed a tengu warrior
  8301 | D:10     | Identified a scroll of acquirement
  8302 | D:10     | Got a shadowed robe
  8313 | D:10     | Identified the +0 robe of Zuiliq {rPois rCorr Dex-2 SInv} (You acquired it on level 10 of the Dungeon)
  8480 | D:10     | Noticed Joseph
  8499 | D:10     | Killed Joseph
  8718 | D:11     | Noticed a red ugly thing
  8727 | D:11     | Killed a red ugly thing
  8732 | D:11     | Received a gift from Yredelemnul (2 flying skulls)
  8747 | D:11     | Found a staircase to the Lair.
  8931 | D:11     | Reached skill level 12 in Unarmed Combat
  8975 | D:11     | Noticed a brown ugly thing
  8981 | D:11     | Killed a brown ugly thing
  9012 | D:11     | Noticed a two-headed ogre
  9023 | D:11     | Killed a two-headed ogre
  9144 | D:11     | Noticed a purple ugly thing
  9150 | D:11     | Killed a purple ugly thing
  9231 | D:11     | Noticed a two-headed ogre
  9237 | D:11     | Killed a two-headed ogre
  9408 | D:11     | Noticed Erica
  9436 | D:11     | Killed Erica
  9635 | Lair:1   | Entered Level 1 of the Lair of Beasts
  9641 | Lair:1   | Noticed Sonja
  9651 | Lair:1   | Killed Sonja
  9799 | Lair:1   | Received a gift from Yredelemnul (a skeletal warrior)
 10178 | Lair:1   | Received a gift from Yredelemnul (a vampire)
 10547 | Lair:2   | Reached XP level 12. HP: 95/119 MP: 13/16
 10554 | Lair:2   | Reached skill level 13 in Unarmed Combat
 10555 | Lair:2   | Received a gift from Yredelemnul (a wraith)
 10569 | Lair:2   | Noticed a catoblepas
 10599 | Lair:2   | Killed a catoblepas
 10854 | Lair:2   | Noticed an eight-headed hydra
 10862 | Lair:2   | Killed an eight-headed hydra
 11161 | Lair:2   | Found a staircase to the Snake Pit.
 11183 | Lair:2   | Received a gift from Yredelemnul (a flayed ghost)
 11772 | Lair:3   | Reached ****** piety under Yredelemnul
 12378 | Lair:3   | Found a staircase to the Swamp.
 12747 | Lair:4   | Noticed Urug
 12763 | Lair:4   | Killed Urug
 12763 | Lair:4   | Enslaved Urug
 12814 | Lair:4   | Noticed Nessos
 12817 | Lair:4   | Reached skill level 14 in Unarmed Combat
 12821 | Lair:4   | HP: 5/122 [poisoned by Nessos]
 12821 | Lair:4   | Mangled by a porcupine

Vault maps used:
D:1:      matt_arrival_diagonals
D:2:      lemuel_coloured_pillars_altar, kiku_gazebo_pond_becter,
          chequers_ecumenical_altar_grove
D:3:      minmay_ogre_servants, uniq_jessica, uniq_crazy_yiuf_cottage, uniq_ijyb
D:4:      lemuel_crystal_altar, nicolae_gozag_cash_rules_everything_around_me
D:5:      elyvilon_altar_1, marbit_many_paths, first_ration
D:6:      lemuel_crystal_altar, kennysheep_mini_moat, kennysheep_mini,
          overflow_temple_1_default, cheibrodos_sewer_entry_drain, uniq_menkaure
D:7:      nicolae_overflow_crystal_walls, temple_fountains, grunt_ogre_cave
D:9:      nemelex_xobeh_ov_fountains_minmay, cheibriados_altar_1, uniq_maurice
D:10:     kennysheep_windowed_halls, orc_0_dummy, uniq_joseph, uniq_nergalle
D:11:     grunt_lair_entry_orc_guard_hut, uniq_erica
Lair:1:   beast_lair_carwin_large_1, grunt_megastairs_1, uniq_sonja
Lair:2:   minmay_snake_entry_six_corridors, minivault_19, grunt_megastairs_5
Lair:3:   swamp_mist_pool
Lair:4:   basic_altar, uniq_urug, uniq_nessos
Sewer:    sewer_frog_island_02

Skill      XL: |  1  2  3  4  5  6  7  8  9 10 11 12 |
---------------+-------------------------------------+-----
Unarmed Combat | 4 5 6 7 8 10 11 12 14 | 14.0
Fighting       | 3 4 5 6 7 8 |  8.8
Invocations    | 1 2 3 4 5 6 7 8 |  8.8
Shields        | 2 3 4 5 6 7 |  7.8
Dodging        | |  2.4
Stealth        | |  1.0

Action                   |  1- 3 |  4- 6 |  7- 9 | 10-12 || total
-------------------------+-------+-------+-------+-------++-------
Melee: Unarmed           |    90 |   150 |   332 |   431 ||  1003
       Punch             |       |     4 |       |       ||     4
Invok: Animate Remains   |       |     5 |       |       ||     5
       Animate Dead      |       |     3 |    14 |    37 ||    54
       Recall Undead Sla |       |       |     5 |    27 ||    32
       Enslave Soul      |       |       |       |     2 ||     2
       Drain Life        |       |       |       |     2 ||     2
  Use: Scroll            |       |     8 |     9 |     9 ||    26
       Potion            |       |     1 |       |     2 ||     3
 Stab: Sleeping          |     2 |     2 |     6 |     2 ||    12
       Distracted        |       |       |     1 |     8 ||     9
  Eat: Chunk             |    16 |    13 |    41 |    67 ||   137
Armor: Robe              |    32 |    56 |   103 |    38 ||   229
       Skin              |       |       |       |    26 ||    26
Dodge: Dodged            |    46 |    59 |   106 |   114 ||   325
Block: Shield            |       |    10 |   132 |   165 ||   307

Table legend:
 A = Spawn XP
 B = Non-spawn XP
 C = Spawn XP percentage of total XP
 D = Spawn monster count
 E = Non-spawn monster count
 F = Spawn count percentage of total count
 G = Total turns spent on level
                    A         B        C        D         E        F      G
               +---------+---------+-------+---------+---------+-------+---------
         Total |       0 |   34540 |   0.0 |       0 |     476 |   0.0 | 12821
               +---------+---------+-------+---------+---------+-------+---------
           D:1 |       0 |      45 |   0.0 |       0 |      26 |   0.0 |   760
           D:2 |       0 |      62 |   0.0 |       0 |      20 |   0.0 |   713
           D:3 |       0 |     423 |   0.0 |       0 |      35 |   0.0 |   823
           D:4 |       0 |     661 |   0.0 |       0 |      34 |   0.0 |   767
           D:5 |       0 |     303 |   0.0 |       0 |      13 |   0.0 |   751
           D:6 |       0 |     905 |   0.0 |       0 |      30 |   0.0 |   965
           D:7 |       0 |     891 |   0.0 |       0 |      31 |   0.0 |   705
           D:8 |       0 |    1407 |   0.0 |       0 |      11 |   0.0 |   712
           D:9 |       0 |    2768 |   0.0 |       0 |      32 |   0.0 |   941
          D:10 |       0 |    4863 |   0.0 |       0 |      48 |   0.0 |  1201
          D:11 |       0 |    5431 |   0.0 |       0 |      48 |   0.0 |  1025
        Lair:1 |       0 |    3049 |   0.0 |       0 |      20 |   0.0 |   903
        Lair:2 |       0 |    9032 |   0.0 |       0 |      49 |   0.0 |  1204
        Lair:3 |       0 |    3001 |   0.0 |       0 |      18 |   0.0 |   866
        Lair:4 |       0 |    1412 |   0.0 |       0 |      11 |   0.0 |   213
         Sewer |       0 |     287 |   0.0 |       0 |      50 |   0.0 |   272
               +---------+---------+-------+---------+---------+-------+---------
